 Dungeon Crawl Stone Soup version 0.29-a0-268-g5627465c62 (webtiles) character file.

Game seed: 14582977170401557452

50337 Pur the Imperceptible (level 14, -2/74 HPs)
             Began as a Spriggan Enchanter on Mar 7, 2022.
             Was a High Priest of Dithmenos.
             Slain by a mana viper (shapeshifter) (17 damage)
             ... on level 14 of the Dungeon.
             The game lasted 00:55:10 (18052 turns).

Pur the Imperceptible (Spriggan Enchanter)         Turns: 18052, Time: 00:55:10

Health: -2/74      AC:  8    Str:  8    XL:     14   Next: 19%
Magic:  0/31       EV: 25    Int: 22    God:    Dithmenos [*****.]
Gold:   632        SH:  0    Dex: 23    Spells: 21/38 levels left

rFire   . . .      SeeInvis +   e - +2 dagger (venom)
rCold   . . .      Faith    .   (no shield)
rNeg    + . .      Spirit   .   b - +1 robe
rPois   .          Reflect  .   S - +1 hat
rElec   .          Harm     .   (no cloak)
rCorr   .          Rampage  .   (gloves unavailable)
Will    ++...                   (boots unavailable) Stlth ****++++++
                                L - macabre finger necklace {rN+}
HPRegen 0.22/turn               w - +4 ring of protection
MPRegen 0.22/turn               d - +6 ring of dexterity
                                N - +6 ring of intelligence

@: confusing by touch, wreathed by umbra, very quick
A: very small, no large weapons, unfitting armour, see invisible, speed 3,
robust 1
a: Renounce Religion, Shadow Step, Shadow Form


You were on level 14 of the Dungeon.
You worshipped Dithmenos.
Dithmenos was extremely pleased with you.
You visited 2 branches of the dungeon, and saw 15 of its levels.
You also visited: Sewer and Bailey.

You collected 1043 gold pieces.
You spent 411 gold pieces at shops.

Inventory:

Hand Weapons
 e - a +2 dagger of venom (weapon)
 O - a +2 dagger of speed
Missiles
 h - 64 poisoned darts (quivered)
 l - a curare-tipped dart
 K - a throwing net
Armour
 b - a +1 robe (worn)
 S - a +1 hat (worn)
Jewellery
 d - a +6 ring of dexterity (right hand)
 i - an amulet of the acrobat
 o - a ring of protection from fire
 u - a ring of positive energy
 v - an amulet of reflection
 w - a +4 ring of protection (left hand)
 L - the macabre finger necklace (around neck) {rN+}
   (You found it on level 9 of the Dungeon)

   [amulet of nothing]

   It enables you to equip an extra ring.
   rN:        It protects you from negative energy.
 M - a ring of positive energy
 N - a +6 ring of intelligence (on amulet)
Wands
 g - a wand of flame (53)
 t - a wand of paralysis (7)
 x - a wand of polymorph (10)
 y - a wand of mindburst (14)
 A - a wand of digging (3)
Scrolls
 a - a scroll of magic mapping
 f - 3 scrolls of amnesia
 j - a scroll of fear
 m - 3 scrolls of blinking
 r - a scroll of immolation
 s - 6 scrolls of teleportation
 D - a scroll of holy word
 Q - 2 scrolls of fog
Potions
 k - 3 potions of flight
 n - 5 potions of brilliance
 p - 3 potions of heal wounds
 z - 6 potions of magic
 B - 3 potions of attraction
 C - 2 potions of haste
 E - 4 potions of cancellation
 F - 2 potions of mutation
 G - 3 potions of curing
 H - a potion of might
 I - 4 potions of invisibility
 J - a potion of resistance
 P - a potion of lignification
 R - a potion of ambrosia {unknown}
Miscellaneous
 c - a phantom mirror


   Skills:
 + Level 5.4 Fighting
 + Level 9.8 Short Blades
 + Level 9.1 Dodging
 + Level 21.4 Stealth
 + Level 12.6 Spellcasting
 + Level 12.8 Hexes
 - Level 3.0 Earth Magic


You had 21 spell levels left.
You knew the following spells:

 Your Spells              Type           Power      Damage    Failure   Level
a - Ensorcelled Hibernat  Hex/Ice        84%        N/A       1%          2
b - Tukima's Dance        Hex            63%        N/A       1%          3
c - Dazzling Flash        Conj/Hex       84%        N/A       1%          3
d - Confusing Touch       Hex            63%        N/A       1%          3
e - Summon Guardian Gole  Hex/Summ       42%        N/A       1%          3
f - Stone Arrow           Conj/Erth      40%        3d9       8%          3

Your spell library contained the following spells:

 Spells                   Type           Power      Damage    Failure   Level
 Sandblast                Erth           54%        2d13      1%          1
 Portal Projectile        Hex/Tloc       84%        N/A       1%          3
 Passwall                 Tmut/Erth      16%        N/A       3%          2
 Anguish                  Hex/Necr       21%        N/A       3%          4
 Beastly Appendage        Tmut           26%        N/A       4%          1
 Wereblood                Tmut           13%        N/A       7%          2
 Spider Form              Tmut/Pois      13%        N/A       14%         3
 Swiftness                Air            13%        N/A       14%         3
 Enfeeble                 Hex            31%        N/A       21%         7
 Summon Lightning Spire   Summ/Air       13%        N/A       43%         4
 Blade Hands              Tmut           6%         N/A       78%         5
 Excruciating Wounds      Necr           6%         N/A       78%         5
 Iskenderun's Battlesphe  Conj           13%        2d7       78%         5
 Summon Forest            Summ/Tloc      6%         N/A       78%         5
 Iron Shot                Conj/Erth      10%        9d3       98%         6
 Eringya's Noxious Bog    Tmut/Pois      6%         N/A       100%        6
 Orb of Destruction       Conj           6%         9d6       100%        7
 Spellforged Servitor     Conj/Summ      6%         N/A       100%        7
 Storm Form               Tmut/Air       6%         N/A       100%        7
 Summon Hydra             Summ           6%         N/A       100%        7
 Maxwell's Capacitive Co  Air            6%         ∞         100%        8


Dungeon Overview and Level Annotations

Branches:
Dungeon (14/15)            Temple (1/1) D:4            Lair (0/6) D:8
    Orc (0/2) D:12          Sewer (visited)          Bailey (visited)
 Vaults: D:13-14

Altars:
Ashenzari
Cheibriados
Dithmenos
Fedhas
Gozag
Hepliaklqana
Nemelex Xobeh
Okawaru
Qazlal
Trog
Uskayaw
Vehumet
Wu Jian
Xom
Yredelemnul
The Shining One

Shops:
D:4 =   D:5 *   D:6 **?[(   D:9 (

Annotations:
D:9 exclusion: orange crystal statue
D:10 2 transporters


Innate Abilities, Weirdness & Mutations

You are very small and have problems with some larger weapons.
You are too small for most types of armour.
You have supernaturally acute eyesight. (SInv)
You cover ground extremely quickly. (Speed+++)
You are robust. (+10% HP)


Message History

You hit the mana viper but do no damage.
The mana viper is lightly wounded.
Your shadow closely misses the mana viper.
The mana viper completely misses you.
You completely miss the mana viper.
The mana viper is lightly wounded.
The mana viper barely misses you.
You barely miss the mana viper.
The mana viper is lightly wounded.
You hit the mana viper but do no damage.
The mana viper is lightly wounded.
The mana viper barely misses you.
You hit the mana viper but do no damage.
The mana viper is lightly wounded.
The mana viper bites you!
You feel your power leaking away.
You closely miss the mana viper.
The mana viper is lightly wounded.
You hit the mana viper but do no damage.
The mana viper is lightly wounded.
The mana viper bites you but does no damage.
You hit the mana viper but do no damage.
The mana viper is lightly wounded.
The mana viper bites you!
* * * LOW HITPOINT WARNING * * *
You feel your power leaking away.
You barely miss the mana viper.
The mana viper is lightly wounded.
You hit the mana viper but do no damage.
The mana viper is lightly wounded.
Your shadow hits the mana viper but does no damage.
The mana viper bites you!
* * * LOW HITPOINT WARNING * * *
Unknown command.
Unknown command.
As you read the scroll of fear, it crumbles to dust.
You assume a fearsome visage.
The mana viper resists with almost no effort.
The mana viper bites you!
You die...

##... ##..
#... ...... #
..####. .# .
##. ..# #..
###...## ....
#@.....# ..##
......S......#
.
.............#
#
............$#
###
.............#
#..
...#)........#
....#
..##.........#
.# # #.
#.......... #
.


You could see a mana viper.

Vanquished Creatures
  Kirke (D:12)
  A boulder beetle (D:7)
  A hydra (D:13)
  The ghost of Aksej the Carver, a journeyman DsMo of Vehumet (D:11)
  A centaur warrior (D:13)
  6 two-headed ogres
  A death knight (D:12)
  A tengu warrior (D:14)
  Urug (D:12)
  A skeletal warrior (D:12)
  A deep elf pyromancer (D:13)
  A wizard (D:9)
  2 ugly things (D:14)
  5 cyclopes
  A manticore (D:14)
  2 centaur zombies (D:11)
  A gargoyle (D:11)
  2 unseen horrors (D:10)
  A komodo dragon (D:7)
  3 freezing wraiths
  3 meliai (D:14)
  5 trolls
  A slime creature (D:7)
  2 wraiths
  2 shadows
  25 yaks
  Eustachio (D:5)
  3 hogs (D:12)
  9 vampire mosquitoes
  A basilisk (D:10)
  2 water moccasins
  A sky beast (D:6)
  A floating eye (shapeshifter) (D:14)
  A swamp drake (D:12)
  2 ice beasts
  Pargi (Sewer)
  A black bear (D:7)
  4 orc warriors
  An ogre (D:12)
  4 centaurs
  A phantom (D:7)
  6 kobold brigands
  2 gnoll sergeants
  12 bullfrogs
  A necrophage (D:3)
  2 scorpions
  11 wights
  7 killer bees
  A vampire bat (D:8)
  9 howler monkeys
  A hound (D:5)
  2 jellies
  2 gnoll shamans
  8 orc priests
  5 iguanas
  9 orc wizards
  17 gnolls
  12 adders
  A river rat (D:5)
  A shadow imp (D:7)
  2 white imps (D:7)
  An ufetubus (D:5)
  A worm (D:4)
  2 dart slugs (D:1)
  46 orcs
  7 ball pythons
  5 endoplasms
  5 giant cockroaches
  15 goblins
  4 hobgoblins
  4 jackals (D:3)
  4 quokkas
  18 bats
  5 frilled lizards
  20 kobolds
  7 rats
360 creatures vanquished.

Vanquished Creatures (collateral kills)
  An orc warrior (D:7)
  8 wights
  4 gnolls
  3 orcs
  2 kobolds
18 creatures vanquished.

Vanquished Creatures (others)
  A cyclops (D:14)
  9 dancing weapons
  An orc (D:12)
  5 fungi (D:8)
  47 plants
63 creatures vanquished.

Grand Total: 441 creatures vanquished

Notes
Turn   | Place    | Note
-------+----------+-------------------------------------------
     0 | D:1      | Pur the Spriggan Enchanter began the quest for the Orb.
     0 | D:1      | Reached XP level 1. HP: 9/9 MP: 5/5
   799 | D:3      | Reached XP level 2. HP: 13/13 MP: 7/7
   802 | D:3      | Learned a level 2 spell: Ensorcelled Hibernation
  1214 | D:2      | Reached XP level 3. HP: 16/16 MP: 6/9
  1231 | D:2      | Learned a level 3 spell: Tukima's Dance
  1235 | D:2      | Learned a level 3 spell: Confusing Touch
  1921 | D:1      | Found a faded altar of an unknown god.
  2175 | D:2      | Reached XP level 4. HP: 14/21 MP: 11/11
  2580 | D:2      | Reached skill level 5 in Hexes
  2718 | D:2      | Learned a level 3 spell: Dazzling Flash
  3097 | D:3      | Noticed a necrophage
  3113 | D:3      | Killed a necrophage
  3114 | D:3      | Reached skill level 5 in Spellcasting
  3114 | D:3      | Reached XP level 5. HP: 13/24 MP: 9/13
  3501 | D:3      | Found a hazy altar of Hepliaklqana.
  3528 | D:3      | Found a snail-covered altar of Cheibriados.
  3531 | D:3      | Found a radiant altar of Vehumet.
  3664 | D:3      | Learned a level 3 spell: Summon Guardian Golem
  3816 | D:3      | Found an iron altar of Okawaru.
  3860 | D:4      | Found Ossid's Jewellery Emporium.
  3920 | D:4      | Reached skill level 5 in Stealth
  4176 | D:4      | Reached XP level 6. HP: 6/28 MP: 10/15
  4475 | D:4      | Found a staircase to the Ecumenical Temple.
  4560 | Temple   | Entered the Ecumenical Temple
  4577 | Temple   | Became a worshipper of Dithmenos the Shadowed
  4873 | D:5      | Entered Level 5 of the Dungeon
  4873 | D:5      | Noticed a water moccasin
  4896 | D:5      | Found a stormy altar of Qazlal.
  4975 | D:5      | Killed a water moccasin
  4976 | D:5      | Reached skill level 6 in Stealth
  5034 | D:5      | Found a blossoming altar of Fedhas.
  5047 | D:5      | Reached XP level 7. HP: 27/32 MP: 17/17
  5114 | D:5      | Noticed a yak
  5118 | D:5      | Noticed a yak
  5118 | D:5      | Noticed a yak
  5120 | D:5      | Noticed a yak
  5121 | D:5      | Noticed a yak
  5132 | D:5      | Noticed Eustachio
  5144 | D:5      | Killed Eustachio
  5146 | D:5      | Found an opulent altar of Gozag.
  5147 | D:5      | Found Gozag's Platinum Reserve.
  5176 | D:5      | Killed a yak
  5177 | D:5      | Reached skill level 7 in Stealth
  5184 | D:5      | Killed a yak
  5488 | D:5      | Found a glowing drain.
  5492 | Sewer    | Entered a sewer
  5511 | Sewer    | Noticed Pargi
  5519 | Sewer    | Killed Pargi
  5520 | Sewer    | Reached skill level 8 in Stealth
  5520 | Sewer    | Reached XP level 8. HP: 36/36 MP: 20/20
  5798 | D:5      | Reached skill level 9 in Stealth
  6179 | D:6      | Reached skill level 10 in Stealth
  6199 | D:6      | Found Yjuija's Assorted Antiques.
  6209 | D:6      | Bought a scroll labelled ICO LUNEUCEUD for 27 gold pieces
  6209 | D:6      | Bought a scroll labelled CIQ BIMIJASIMM for 27 gold pieces
  6209 | D:6      | Bought a scroll of fear for 94 gold pieces
  6209 | D:6      | Bought a scroll of immolation for 94 gold pieces
  6390 | D:6      | Reached XP level 9. HP: 39/39 MP: 22/22
  6399 | D:6      | Reached * piety under Dithmenos
  6447 | D:6      | Found Recid's Antique Armour Shop.
  6457 | D:6      | Found Cajita's Antique Weapon Boutique.
  6472 | D:6      | Found Koitemint's Magic Scroll Shoppe.
  6480 | D:6      | Bought 2 scrolls of identify for 40 gold pieces
  6480 | D:6      | Bought a scroll of noise for 10 gold pieces
  6497 | D:6      | Bought a scroll of teleportation for 30 gold pieces
  6514 | D:6      | Found a sparkling altar of Nemelex Xobeh.
  6734 | D:6      | Found Rurud's Assorted Antiques.
  6742 | D:6      | Bought a coppery potion for 20 gold pieces
  6742 | D:6      | Bought a potion of curing for 69 gold pieces
  7453 | D:7      | Reached skill level 11 in Stealth
  7590 | D:7      | Reached skill level 10 in Hexes
  7916 | D:7      | Reached skill level 10 in Spellcasting
  8299 | D:7      | Reached ** piety under Dithmenos
  8733 | D:7      | Found an ornate altar of the Wu Jian Council.
  8785 | D:7      | Reached skill level 1 in Fighting
  8785 | D:7      | Reached skill level 12 in Stealth
  8993 | D:7      | Noticed a komodo dragon
  9014 | D:7      | Killed a komodo dragon
  9015 | D:7      | Reached XP level 10. HP: 43/46 MP: 17/25
  9415 | D:7      | Noticed a cyclops
  9422 | D:7      | Killed a cyclops
  9741 | D:7      | Reached *** piety under Dithmenos
  9801 | D:7      | Reached skill level 5 in Dodging
  9806 | D:7      | Noticed a cyclops
  9849 | D:7      | Killed a cyclops
 10034 | D:7      | Noticed a boulder beetle
 10039 | D:7      | Killed a boulder beetle
 10040 | D:7      | Reached skill level 13 in Stealth
 10736 | D:8      | Found a staircase to the Lair.
 10744 | D:8      | Reached XP level 11. HP: 52/52 MP: 21/27
 11201 | D:9      | Noticed a two-headed ogre
 11266 | D:9      | Noticed an orange crystal statue
 11266 | D:9      | Noticed a two-headed ogre
 11292 | D:9      | Found a flagged portal.
 11306 | Bailey   | Entered a bailey
 11513 | Bailey   | Reached **** piety under Dithmenos
 11806 | Bailey   | Reached skill level 18 in Stealth
 11806 | Bailey   | Reached XP level 12. HP: 56/56 MP: 28/28
 11925 | D:9      | Killed a two-headed ogre
 11926 | D:9      | Reached skill level 5 in Short Blades
 12160 | D:9      | Found a glowing golden altar of the Shining One.
 12226 | D:9      | Killed a two-headed ogre
 12262 | D:9      | Noticed a two-headed ogre
 12264 | D:9      | Killed a two-headed ogre
 12272 | D:9      | Found the macabre finger necklace {rN+}
 12277 | D:9      | Found Isuetzue's Weapon Shoppe.
 12393 | D:9      | Found a bloodstained altar of Trog.
 12473 | D:9      | Reached skill level 20 in Stealth
 12473 | D:9      | Reached XP level 13. HP: 61/61 MP: 29/29
 12703 | D:9      | Found a shimmering altar of Xom.
 13024 | D:8      | Learned a level 3 spell: Stone Arrow
 13228 | D:10     | Entered Level 10 of the Dungeon
 13441 | D:10     | Found a transporter.
 13472 | D:10     | Reached skill level 1 in Earth Magic
 13480 | D:10     | Found a transporter.
 14629 | D:11     | Found a runed translucent gate.
 14629 | D:11     | Found a runed translucent gate.
 14629 | D:11     | Found a runed translucent gate.
 14629 | D:11     | Noticed Aksej's ghost (journeyman DsMo)
 14631 | D:11     | Found a basalt altar of Yredelemnul.
 14636 | D:11     | Reached ***** piety under Dithmenos
 14646 | D:11     | Killed Aksej's ghost
 15295 | D:12     | Noticed Kirke
 15606 | D:12     | Killed Kirke
 15607 | D:12     | Reached skill level 21 in Stealth
 15764 | D:12     | Noticed Urug
 15771 | D:12     | Killed Urug
 16119 | D:12     | Reached skill level 5 in Fighting
 16237 | D:12     | Found a staircase to the Orcish Mines.
 16862 | D:13     | Gained mutation: You are robust. (+10% HP) [potion of
                  | mutation]
 16913 | D:13     | Reached XP level 14. HP: 74/74 MP: 31/31
 17760 | D:14     | Paralysed by a floating eye for 3 turns
 18052 | D:14     | Slain by a mana viper (shapeshifter)

Illustrated notes

Levels and vault maps discovered:
D:1:      saegor_arrival_miasma, layout_loops_ring,
          nicolae_ecumenical_lake_church
D:2:      layout_basic
D:3:      layout_loops_cross, worldfamousw_hep_ancestral_shrine,
          mainiacjoe_overflow_alcove_4, nicolae_overflow_hidden_temple
D:4:      layout_cave_pools, minmay_temple_entry_grid, serial_shops,
          nicolae_stop_n_shop_2
D:5:      layout_rooms, nicolae_gozag_zags_fifth_avenue, fedhas_ov_isle_minmay,
          amcnicky_altar_gilded, gup_sewer_entry_bowl, uniq_eustachio
D:6:      layout_basic, mainiacjoe_overflow_boulevard, serial_shops, shop,
          nicolae_shop_hallway_stairs, shop_statue, nicolae_shop_stone,
          nicolae_take_the_stairs
D:7:      nzn_winding_woodlands_large [nzn_winding_woodlands_5x5_perimeter,
          nzn_winding_woodlands_5x15_pathside_ponds,
          nzn_winding_woodlands_5x5_cross, nzn_winding_woodlands_center_lodge,
          nzn_winding_woodlands_15x15_five_gardens,
          nzn_winding_woodlands_center_diamonds,
          nzn_winding_woodlands_hourglass, nzn_winding_woodlands_5x15_longhouse,
          nzn_winding_woodlands_5x5_three], layout_rooms,
          pdpol_wu_jian_five_deadly_venoms
D:8:      layout_loops_ring, dpeg_oklobed_lair, roderic_batcave
D:9:      layout_roguey, tgw_xom, mainiacjoe_overflow_six_doors_small,
          trog_wizard, serial_shops,
          nicolae_shop_temple_entry_statues_fountains, enter_bailey_5,
          minmay_statue_bubble
D:10:     gammafunk_wand_slinger, layout_irregular_city, minmay_crystal_water
D:11:     layout_roguey, nicolae_yredelemnul_ghost_church
D:12:     layout_loops_ring, erik_orc_1, uniq_urug, uniq_kirke
D:13:     layout_loops_ring
D:14:     cheibrodos_fzero, layout_cave_pools, david_vaults_1,
          minmay_alternating_orb
Temple:   compressed_dpeg_circular_temple

Skill      XL: |  1  2  3  4  5  6  7  8  9 10 11 12 13 14 |
---------------+-------------------------------------------+-----
Spellcasting   | 3 4 5 6 7 8 10 11 12 | 12.6
Hexes          | 4 5 6 7 9 10 11 12 | 12.8
Stealth        | 5 6 8 10 12 13 18 20 21 | 21.4
Dodging        | 3 6 7 8 9 |  9.1
Fighting       | 1 3 5 |  5.4
Short Blades   | 2 4 8 9 |  9.8
Earth Magic    | 3 |  3.0

Action                   |  1- 3 |  4- 6 |  7- 9 | 10-12 | 13-15 || total
-------------------------+-------+-------+-------+-------+-------++-------
Melee: Dagger            |   128 |   105 |   224 |   250 |   341 ||  1048
       Punch             |     1 |       |     3 |     3 |     4 ||    11
 Cast: Ensorcelled Hiber |    14 |    14 |    44 |    48 |    38 ||   158
       Tukima's Dance    |       |     2 |    19 |    22 |     7 ||    50
       Confusing Touch   |       |     2 |     6 |     6 |    12 ||    26
Invok: Shadow Step       |       |       |       |       |     1 ||     1
Evoke: Wand              |       |       |       |     2 |       ||     2
       Phantom mirror    |       |       |       |       |     1 ||     1
  Use: Potion            |     2 |     2 |       |     9 |     2 ||    15
       Scroll            |     6 |     7 |     5 |     5 |     7 ||    30
 Stab: Sleeping          |    19 |    23 |    34 |    41 |    57 ||   174
       Confused          |       |     1 |     5 |     6 |    10 ||    22
       Invisible         |       |       |       |    12 |       ||    12
       Distracted        |       |       |       |     2 |       ||     2
Armor: Robe              |    18 |     5 |    18 |    25 |    32 ||    98
Dodge: Dodged            |   139 |    45 |   207 |   240 |   221 ||   852

Table legend: (Time is in decaauts)
 A = Elapsed time spent in this place.
 B = Non-inter-level travel time spent in this place.
 C = Inter-level travel time spent in this place.
 D = Time resting spent in this place.
 E = Time spent auto-exploring this place.
 F = Levels seen in this place.
 G = Mean time per level.
                   A        B        C        D        E       F      G
               +--------+--------+--------+--------+--------+-----+--------+
         Total |  14238 |  13848 |    390 |   2256 |   8758 |  17 |  837.5 |
       Dungeon |  13767 |  13384 |    383 |   2256 |   8429 |  14 |  983.4 |
        Temple |     17 |     11 |      6 |      0 |      3 |   1 |   17.0 |
         Sewer |     40 |     40 |      0 |      0 |     23 |   1 |   40.0 |
        Bailey |    413 |    413 |      0 |      0 |    301 |   1 |  413.0 |
               +--------+--------+--------+--------+--------+-----+--------+

Top non-repeatable levels by time:
     D:7: 2103 daAuts
     D:3: 1597 daAuts
     D:6: 1351 daAuts
     D:9: 1023 daAuts
     D:8: 1017 daAuts
    D:12: 1011 daAuts
    D:10: 987 daAuts
    D:13: 971 daAuts
     D:2: 964 daAuts
     D:5: 829 daAuts
     D:4: 767 daAuts
     D:1: 601 daAuts
  Bailey: 413 daAuts
    D:11: 394 daAuts
    D:14: 147 daAuts
